Map: Deathaura LE

Players

MaSa

  • Race: Terran Terran
  • League: Master
  • Spawn Location: 5:00

Nina - Winner!

  • Race: Protoss Protoss
  • League: Grandmaster
  • Spawn Location: 11:00

Event: DreamHack SC2 Masters 2020 Winter

VOD

Have the link to the VOD?

Description

Time

  • Played on: Nov. 5, 2020, 3:45 p.m.
  • Length: 11:59

All games in this series

Show
View Real Time Build Order
Export as new Build Order

MaSa Terran 

Build Orders:  

Get SALT Encoding   

  12  0:00  SCV  
  13  0:12  SCV  
  14  0:16  Supply Depot  
  14  0:24  SCV  
  15  0:38  SCV  
  15  0:40  Barracks  
  16  0:44  Refinery  
  16  0:50  SCV  
  17  1:02  SCV  
  18  1:11  Engineering Bay  
  18  1:14  SCV  
  19  1:26  Marine  
  19  1:28  Orbital Command  
  20  1:40  Supply Depot  
  20  1:45  Barracks Reactor  
  20  1:54  SCV  
  20  1:58  Refinery  
  21  2:04  Factory  
  21  2:06  SCV  
  22  2:10  Bunker  
  22  2:19  SCV  
  22  2:22  Supply Depot, Marine x2  
  25  2:31  SCV  
  26  2:39  Marine x2  
  26  2:43  SCV  
  29  2:48  Starport  
  29  2:49  Widow Mine  
  31  2:55  SCV  
  32  2:58  Marine  
  32  3:02  Supply Depot, Marine  
  34  3:07  SCV  
  34  3:10  Factory Tech Lab  
  35  3:23  Supply Depot  
  35  3:24  Marine x2  
  35  3:26  Viking  
  38  3:41  Marine  
  38  3:44  Bunker, Marine  
  38  3:45  Cyclone  
  39  4:11  SCV, Marine  
  39  4:12  Supply Depot  
  39  4:14  Viking, Marine  
  42  4:24  Cyclone  
  42  4:29  Marine  
  46  4:37  SCV  
  47  4:41  Supply Depot  
  47  4:44  Viking  
  49  4:49  Marine x2  
  51  5:00  Supply Depot  
  51  5:08  Mag-Field Accelerator  
  51  5:14  SCV  
  52  5:19  Cyclone  
  55  5:21  Marine  
  56  5:31  Supply Depot  
  56  5:33  Supply Depot  
  56  5:35  Viking  
  58  5:40  SCV  
  59  5:43  Marine  
  59  5:47  Marine  
  61  5:52  SCV  
  61  5:53  Cyclone  
  65  6:05  Viking  
  65  6:06  Marine x2  
  69  6:25  SCV  
  70  6:31  Marine x2  
  72  6:36  Command Center  
  72  6:43  Cyclone  
  75  6:51  SCV  
  76  7:03  SCV  
  68  7:15  SCV  
  53  7:26  Liberator  
  50  7:32  SCV, Marine x2, Siege Tank  
  50  7:44  SCV  
  50  7:49  Orbital Command  
  50  7:50  Barracks  
  51  7:51  Barracks  
  51  7:56  SCV  
  48  7:59  Marine x2  
  48  8:04  Bunker, Siege Tank  
  51  8:16  SCV  
  51  8:18  Marine x2  
  52  8:25  Orbital Command  
  52  8:26  Liberator  
  54  8:28  SCV  
  52  8:38  Siege Tank  
  52  8:41  SCV  
  55  8:45  Barracks Tech Lab  
  55  8:46  Marine x2, Barracks Tech Lab  
  57  8:51  SCV  
  58  8:58  Engineering Bay  
  58  9:04  Marine  
  58  9:05  Stimpack  
  58  9:06  Marauder  
  58  9:07  Marauder  
  64  9:10  SCV  
  64  9:11  Starport Reactor  
  64  9:17  Combat Shield  
  64  9:18  SCV  
  64  9:22  SCV, Marine  
  64  9:23  Marine  
  68  9:24  Refinery  
  68  9:28  Marauder, Refinery  
  68  9:31  Marauder  
  72  9:36  SCV x2  
  74  9:39  Terran Infantry Weapons Level 1  
  74  9:40  Marine x2  
  76  9:51  Marine  
  76  9:52  SCV, Marine  
  79  9:55  Siege Tank  
  79  9:57  SCV  
  79  9:58  Marine x2  
  85  10:01  Supply Depot x2  
  85  10:05  Medivac  
  87  10:08  Marine  
  87  10:13  Medivac  
  87  10:14  Marine  
  90  10:15  SCV  
  90  10:16  SCV, Marine  
  90  10:19  Supply Depot  
  90  10:20  Supply Depot  
  94  10:22  Marine  
  94  10:25  Supply Depot  
  94  10:26  Marine  
  96  10:32  Marauder  
  98  10:37  Medivac  
  98  10:42  Missile Turret  
  100  10:43  Medivac  
  100  10:44  Marine  
  100  10:45  Marauder  
  100  10:46  SCV  
  106  10:53  Siege Tank  
  104  11:10  Marine  
  105  11:16  Marine  
  105  11:17  Marine  
  99  11:27  Marine x2  
  92  11:42  Bunker  
Show
View Real Time Build Order
Export as new Build Order

Nina Protoss - Winner!

Build Orders: Proxy Void Ray 

Get SALT Encoding   

  12  0:09  Pylon  
  12  0:13  Probe  
  13  0:27  Gateway  
  13  0:30  Probe  
  14  0:42  Probe  
  15  0:43  Assimilator  
  15  0:46  Assimilator  
  15  0:54  Probe  
  16  1:06  Probe  
  17  1:14  Cybernetics Core  
  17  1:18  Probe  
  18  1:27  Pylon  
  18  1:30  Probe  
  19  1:42  Probe  
  20  1:48  Adept (Chrono Boost)  
  20  1:50  Stargate  
  22  1:54  Probe  
  22  1:59  Warp Gate  
  23  2:06  Probe  
  24  2:11  Adept  
  26  2:20  Pylon  
  26  2:27  Void Ray (Chrono Boost)  
  26  2:28  Probe  
  31  2:41  Shield Battery  
  31  2:49  Probe, Shield Battery  
  32  2:59  Void Ray (Chrono Boost)  
  36  3:17  Probe  
  37  3:23  Shield Battery  
  37  3:39  Shield Battery  
  37  3:41  Pylon  
  37  3:50  Probe  
  38  4:01  Void Ray  
  38  4:08  Probe  
  43  4:18  Stalker  
  43  4:19  Twilight Council  
  46  4:30  Pylon  
  39  4:41  Probe  
  39  4:42  Nexus  
  40  4:50  Gateway  
  40  4:53  Probe  
  41  5:03  Blink (Chrono Boost)  
  41  5:05  Probe  
  41  5:07  Stalker  
  42  5:17  Probe  
  43  5:27  Gateway  
  43  5:28  Shield Battery  
  43  5:31  Sentry  
  43  5:32  Probe  
  46  5:45  Probe, Stalker  
  49  5:54  Pylon  
  49  5:57  Stalker  
  49  5:59  Probe  
  49  6:00  Probe  
  53  6:09  Stalker  
  55  6:11  Probe  
  55  6:17  Phoenix  
  57  6:23  Probe  
  57  6:24  Stalker, Gateway  
  57  6:25  Probe  
  60  6:29  Pylon  
  60  6:34  Stalker  
  62  6:47  Probe x2, Pylon  
  62  6:50  Stalker  
  62  6:52  Stalker  
  68  7:01  Stalker  
  59  7:13  Stalker  
  52  7:18  Probe  
  52  7:19  Stalker x2  
  50  7:24  Probe  
  47  7:30  Probe  
  47  7:31  Stalker  
  48  7:38  Nexus  
  48  7:43  Stalker  
  50  7:45  Stalker  
  50  7:47  Probe  
  50  7:48  Probe  
  54  7:59  Probe, Stalker x2  
  54  8:01  Probe  
  60  8:05  Charge  
  60  8:11  Probe  
  61  8:14  Probe  
  62  8:23  Probe  
  62  8:27  Probe  
  62  8:29  Forge  
  62  8:30  Gateway  
  62  8:33  Gateway  
  62  8:36  Stalker x2  
  62  8:40  Probe  
  65  8:49  Robotics Facility  
  65  8:51  Probe  
  65  8:52  Probe  
  65  8:53  Stalker  
  66  8:58  Stalker  
  68  9:04  Probe x2  
  68  9:09  Protoss Ground Armor Level 1 (Chrono Boost)  
  70  9:12  Probe  
  70  9:14  Pylon  
  70  9:16  Probe  
  72  9:19  Gateway  
  72  9:20  Probe  
  73  9:24  Probe  
  73  9:28  Probe  
  75  9:32  Sentry, Photon Cannon  
  75  9:33  Sentry  
  75  9:35  Zealot x2  
  84  9:40  Pylon  
  84  9:43  Assimilator  
  84  9:45  Warp Prism (Chrono Boost)  
  84  9:51  Stalker  
  86  9:53  Probe  
  87  10:03  Zealot x3  
  87  10:06  Probe  
  94  10:09  Zealot  
  94  10:10  Zealot  
  98  10:16  Pylon  
  98  10:19  Pylon  
  98  10:20  Zealot  
  100  10:23  Observer  
  100  10:26  Pylon  
  101  10:32  Assimilator  
  101  10:34  Stalker  
  101  10:38  Zealot x3  
  101  10:40  Zealot  
  101  10:41  Probe  
  110  10:49  Probe  
  111  11:06  Zealot x7  
  125  11:12  Shield Battery, Pylon  
  125  11:13  Shield Battery  
  125  11:32  Zealot x4  
  133  11:35  Zealot  
  133  11:39  Pylon  
  132  11:41  Pylon  
  132  11:45  Zealot  
  132  11:46  Zealot  
  126  11:52  Zealot  
  126  11:53  Zealot x3  
Tags
 
Add a new tag
Caveats
  • Supply blocks, unpowered buildings, or Contaminate may cause inaccurate times.
  • Supply counts are checked every 10 seconds.